 Dungeon Crawl Stone Soup version 0.29.0-4-gdea44cf6ec (webtiles) character file.

Game seed: 13875034337002012304

30 qw the Chopper (level 3, -9/21 HPs)
             Began as a Tengu Warper on Aug 28, 2022.
             Killed from afar by Sigmund (11 damage)
             ... with a puff of flame
             ... on level 2 of the Dungeon.
             The game lasted 00:00:05 (1241 turns).

qw the Chopper (Tengu Warper)                       Turns: 1241, Time: 00:00:06

Health: -9/21      AC:  5    Str: 13    XL:     3   Next: 20%
Magic:  7/7        EV: 11    Int: 13    God:
Gold:   21         SH:  0    Dex: 13    Spells: 6/6 levels left

rFire   . . .      SeeInvis .   Y - +0 hand axe
rCold   . . .      Faith    .   (no shield)
rNeg    . . .      Spirit   .   d - +0 ring mail
rPois   .          Reflect  .   (helmet restricted)
rElec   .          Harm     .   (no cloak)
rCorr   .          Rampage  .   (no gloves)
Will    .....                   (boots unavailable)
Stlth   +.........              (no amulet)
HPRegen 0.07/turn               (no ring)
MPRegen 0.10/turn               (no ring)

@: about to teleport
A: beak, talons 3
a: no special abilities


You were on level 2 of the Dungeon.
You visited 1 branch of the dungeon, and saw 2 of its levels.

You collected 41 gold pieces.
You spent 20 gold pieces at shops.


Innate Abilities, Weirdness & Mutations

You have a beak for a mouth.
You have claws for feet.


   Skills:
 - Level 2.0 Fighting
 + Level 3.9 Axes
 - Level 1.0 Throwing
 - Level 1.1 Armour
 - Level 2.1 Dodging
 - Level 2.0 Spellcasting
 - Level 2.4 Translocations


You had 6 spell levels left.
You didn't know any spells.
Your spell library contained the following spells:

 Spells                   Type           Power      Damage    Failure   Level
 Blink                    Tloc           14%        N/A       30%         2
 Gell's Gravitas          Tloc           7%         N/A       52%         3
 Lesser Beckoning         Tloc           7%         N/A       52%         3
 Teleport Other           Tloc           7%         N/A       52%         3
 Manifold Assault         Tloc           7%         N/A       99%         5

Inventory:

Hand Weapons
 f - a +0 club
 Y - a +0 hand axe (weapon)
Armour
 c - a +0 chain mail
 d - a +0 ring mail (worn)
Jewellery
 h - a ring of protection from fire
Scrolls
 b - 2 scrolls of identify
Potions
 e - a potion of curing {unknown}
 g - 2 potions of might

Dungeon Overview and Level Annotations

Branches:
Dungeon (2/15)

Altars:

Shops:
D:1 [   D:2 =?!*

Annotations:
D:2 Sigmund


Message History

You stop removing your armour.
You closely miss the ball python. You claw the ball python.
You kill the ball python!
You see here a ball python corpse.
Found a scroll labelled YKEAME DIUBEHU.
Sigmund barely misses you.
You closely miss Sigmund. Your peck misses Sigmund. Sigmund barely misses you.
You hit Sigmund.
Sigmund is lightly wounded.
Sigmund says, "I'm your fate." Sigmund closely misses you.
You hit Sigmund. Your kick misses Sigmund.
Sigmund is moderately wounded.
Sigmund hits you with a +0 scythe.
You hit Sigmund. Your kick misses Sigmund.
Sigmund is moderately wounded.
You barely miss Sigmund.
Sigmund is moderately wounded.
Sigmund flickers, as though insubstantial.
Sigmund casts a spell at you. The magic dart hits you.
You barely miss Sigmund.
Sigmund is moderately wounded.
Sigmund barely misses you.
You hit Sigmund. You peck Sigmund, but do no damage.
Sigmund is heavily wounded.
Sigmund hits you with a +0 scythe.
You hit Sigmund. Your kick misses Sigmund.
Sigmund is severely wounded.
Sigmund hits you with a +0 scythe!
1240 ||| READING scroll of teleportation.
As you read the scroll of teleportation, it crumbles to dust.
You feel strangely unstable.
You hit Sigmund but do no damage. You claw Sigmund, but do no damage.
Sigmund is severely wounded.
Sigmund gestures at you while chanting. The puff of flame hits you!
Ouch! That really hurt!
You die...

##### #....##
###.##..###
....##..###
........#### ####
......@\...# ##..##
.....##@.%.####....##
.....##..##.....P7..#
.........##.....P7..#
........##.........##
.?......##.........#
........##.........#
###....###........##
###.# #........#
#........#


You could see Sigmund.

Vanquished Creatures
  An adder (D:2)
  3 dart slugs
  2 endoplasms (D:1)
  3 goblins
  A quokka (D:1)
  2 ball pythons (D:2)
  A bat (D:1)
  2 frilled lizards (D:1)
  2 kobolds (D:1)
  A rat (D:1)
18 creatures vanquished.

Notes
Turn   | Place    | Note
-------+----------+-------------------------------------------
     0 | D:1      | qw the Tengu Warper began the quest for the Orb.
     0 | D:1      | Reached XP level 1. HP: 12/12 MP: 4/4
     0 | D:1      | 0 ||| qw: Version: 0.1-a-89-g26bdef1
     0 | D:1      | 0 ||| qw: Game counter: 764
     0 | D:1      | 0 ||| qw: Always use a shield: true
     0 | D:1      | 0 ||| qw: God list: Okawaru
     0 | D:1      | 0 ||| qw: Allow faded altars: false
     0 | D:1      | 0 ||| qw: Do Orc after D:15 true
     0 | D:1      | 0 ||| qw: Do second Lair branch before Depths: true
     0 | D:1      | 0 ||| qw: Lair rune preference: random
     0 | D:1      | 0 ||| qw: Plans: Normal
     0 | D:1      | 0 ||| PLANNING D:1-11
    63 | D:1      | Found Fuemai's Antique Armour Shoppe.
    73 | D:1      | 73 ||| SHOPLISTING +7 Kryia's mail coat {PotionHeal*2 rC+}
                  | (1860 gold, have 13).
    73 | D:1      | 73 ||| SHOPLISTING chain mail (139 gold, have 13).
    73 | D:1      | 73 ||| SHOPLISTING ring mail (124 gold, have 13).
   147 | D:1      | Reached XP level 2. HP: 17/17 MP: 6/6
   192 | D:1      | Reached skill level 3 in Axes
   475 | D:1      | 475 ||| Stepping ~*~*~tactically~*~*~ (stealth).
   476 | D:1      | 476 ||| Stepping ~*~*~tactically~*~*~ (stealth).
   478 | D:1      | 478 ||| Stepping ~*~*~tactically~*~*~ (stealth).
   481 | D:1      | 481 ||| Stepping ~*~*~tactically~*~*~ (stealth).
   485 | D:1      | 485 ||| Stepping ~*~*~tactically~*~*~ (stealth).
   527 | D:1      | 527 ||| Stepping ~*~*~tactically~*~*~ (stealth).
   530 | D:1      | 530 ||| Stepping ~*~*~tactically~*~*~ (stealth).
   834 | D:1      | 834 ||| UPGRADING to +0 ring mail.
   844 | D:1      | 844 ||| DROPPING +0 leather armour.
   845 | D:1      | 845 ||| READING 2 scrolls labelled CIF UJUTTAOVA.
   848 | D:1      | 848 ||| DRINKING 3 yellow potions.
   849 | D:1      | 849 ||| DROPPING scroll of blinking.
   864 | D:2      | Found Firugaus's Distillery.
   865 | D:2      | Found Duenustra's Jewellery Shop.
   873 | D:2      | 873 ||| SHOPLISTING potion of curing (39 gold, have 21).
   873 | D:2      | 873 ||| SHOPLISTING potion of heal wounds (65 gold, have
                  | 21).
   875 | D:2      | 875 ||| Stepping ~*~*~tactically~*~*~ (hiding).
   941 | D:2      | Found Nosohieh's Magic Scroll Boutique.
   949 | D:2      | 949 ||| SHOPLISTING scroll of brand weapon (95 gold, have
                  | 21).
   949 | D:2      | 949 ||| SHOPLISTING scroll of enchant armour (75 gold, have
                  | 21).
   949 | D:2      | 949 ||| SHOPLISTING scroll of enchant weapon (75 gold, have
                  | 21).
   949 | D:2      | 949 ||| BUYING scroll of identify (20 gold).
   949 | D:2      | Bought a scroll of identify for 20 gold pieces
   949 | D:2      | 949 ||| SHOPLISTING scroll of identify (20 gold, have 1).
   958 | D:2      | Found a faded altar of an unknown god.
  1054 | D:2      | Reached XP level 3. HP: 19/21 MP: 7/7
  1219 | D:2      | Found Qoun's Assorted Antiques.
  1224 | D:2      | 1224 ||| UPGRADING to +0 chain mail.
  1226 | D:2      | Noticed Sigmund
  1239 | D:2      | HP: 2/21 [Sigmund/+0 scythe (9)]
  1240 | D:2      | 1240 ||| READING scroll of teleportation.
  1241 | D:2      | Killed from afar by Sigmund

Levels and vault maps discovered:
D:1:      lightli_arrival_statuegarden, layout_basic, serial_shops,
          nicolae_diamond_shop
D:2:      minmay_alternating_diamond, layout_basic,
          shapermc_ecumenical_altar_starsandcircs, serial_shops,
          nicolae_shop_bloodbath_and_beyond, nicolae_square_shop,
          nicolae_shop_temple_entry_statues_fountains,
          nicolae_shop_hallway_stairs, nicolae_shop_stone, serial_park_tiny_1,
          minivault_19, uniq_sigmund

Skill      XL: |  1  2 |
---------------+-------+-----
Axes           | 3 |  3.9
Fighting       | |  2.0
Throwing       | |  1.0
Armour         | |  1.1
Dodging        | |  2.1
Spellcasting   | |  2.0
Translocations | |  2.4

Action                   || total
-------------------------++-------
Melee: Hand axe          ||    36
       Peck              ||     7
       Kick              ||     6
Throw: Boomerang         ||    11
  Use: Scroll            ||     2
       Potion            ||     1
Armor: Leather armour    ||     6
       Ring mail         ||     1
Dodge: Dodged            ||    15

Table legend:
 A = Non-vault XP
 B = Vault XP
 C = Vault XP percentage of total XP
 D = Non-vault monster count
 E = Vault monster count
 F = Vault count percentage of total count
                 A         B        C        D         E       F
            +---------+---------+-------+---------+---------+-------
      Total |      44 |       0 |   0.0 |      18 |       0 |   0.0
            +---------+---------+-------+---------+---------+-------
        D:1 |      20 |       0 |   0.0 |      12 |       0 |   0.0
        D:2 |      24 |       0 |   0.0 |       6 |       0 |   0.0
            +---------+---------+-------+---------+---------+-------
